 Dungeon Crawl Stone Soup version 0.29.1-13-g9f3cf754e1 (webtiles) character file.

Game seed: 7000709885031927444

11085 cheesebisquit the Slicer (level 11, -1/87 HPs)
             Began as a Merfolk Gladiator on Jan 21, 2023.
             Was a Believer of Dithmenos.
             Slain by Erica
             ... wielding a +2 scimitar of flaming
              (7 damage)
             ... on level 8 of the Dungeon.
             The game lasted 01:07:54 (13567 turns).

cheesebisquit the Slicer (Merfolk Gladiator)       Turns: 13567, Time: 01:07:55

Health: -1/87      AC:  8    Str: 15    XL:     11   Next: 72%
Magic:  11/11      EV: 22    Int:  8    God:    Dithmenos [**....]
Gold:   100        SH:  8    Dex: 19    Spells: 10/10 levels left

rFire   . . .      SeeInvis +   o - +2 short sword (speed)
rCold   . . .      Faith    .   M - +2 buckler
rNeg    . . .      Spirit   .   L - +3 leather armour
rPois   .          Reflect  .   c - +0 helmet
rElec   .          Harm     .   D - +0 cloak
rCorr   .          Rampage  .   (no gloves)
Will    .....                   (no boots)
Stlth   +++++.....              (no amulet)
HPRegen 0.24/turn               s - +4 ring of evasion
MPRegen 0.12/turn               x - ring of see invisible

@: brilliant, lethally poisoned (-1 -> -5), wreathed by umbra
A: (nimble swimmer 2), mertail
a: Renounce Religion, Shadow Step


You were on level 8 of the Dungeon.
You worshipped Dithmenos.
Dithmenos was pleased with you.
You visited 2 branches of the dungeon, and saw 9 of its levels.
You also visited: Bailey.

You collected 459 gold pieces.
You spent 359 gold pieces at shops.

Inventory:

Hand Weapons
 a - a +0 rapier
 b - a +0 dagger of speed
 o - a +2 short sword of speed (weapon)
 w - a +2 dagger of venom
 B - a +0 sling
Missiles
 A - a curare-tipped dart
 J - 5 poisoned darts (quivered)
Armour
 c - a +0 helmet (worn)
 h - a scarf of invisibility
 D - a +0 cloak (worn)
 L - a +3 leather armour (worn)
 M - a +2 buckler (worn)
Jewellery
 m - an amulet of the acrobat
 s - a +4 ring of evasion (left hand)
 v - a ring of protection from fire
 x - a ring of see invisible (right hand)
 C - the ring "Feto" {Will- Int+3 SInv}
   (You found it on level 7 of the Dungeon)

   [ring of see invisible]

   Int:       It affects your intelligence (+3).
   SInv:      It lets you see invisible.
   Will:      It decreases your willpower.
 F - a +6 ring of intelligence
Scrolls
 f - 2 scrolls of noise
 i - 2 scrolls of enchant armour {unknown}
 j - 4 scrolls of fear
 k - a scroll of brand weapon {unknown}
 p - a scroll of vulnerability {unknown}
 r - 4 scrolls of teleportation
 t - a scroll of immolation {unknown}
 y - a scroll of magic mapping
 E - a scroll of poison
 H - 2 scrolls of fog {unknown}
Potions
 d - a potion of experience
 e - a potion of attraction {unknown}
 l - 3 potions of mutation
 n - 2 potions of magic
 q - 2 potions of cancellation
 u - a potion of brilliance
 z - a potion of flight


   Skills:
 + Level 8.4 Fighting
 * Level 13.1 Short Blades
 + Level 5.1 Throwing
 + Level 10.5 Dodging
 + Level 8.7 Stealth
 + Level 4.2 Shields
 + Level 3.1 Evocations


You had 10 spell levels left.
You didn't know any spells.
Your spell library contained the following spells:

 Spells                   Type           Power      Damage    Failure   Level
 Leda's Liquefaction      Hex/Erth       0%         N/A       100%        4
 Lee's Rapid Deconstruct  Erth           0%         3d5*      100%        5
 Statue Form              Tmut/Erth      0%         N/A       100%        6
 Chain Lightning          Conj/Air       0%         N/A       100%        9
 Fire Storm               Conj/Fire      0%         5d1       100%        9
 Shatter                  Erth           0%         3d5*      100%        9


Dungeon Overview and Level Annotations

Branches:
Dungeon (8/15)             Temple (1/1) D:4          Bailey (visited)
   Lair: D:8-11

Altars:
Ashenzari
Cheibriados
Dithmenos
Elyvilon
Fedhas
Hepliaklqana
Kikubaaqudgha
Makhleb
Nemelex Xobeh
Okawaru
Ru
Sif Muna
Trog
Uskayaw
Vehumet
Wu Jian
Xom
Yredelemnul
Zin
The Shining One

Shops:
D:7 *

Annotations:
D:8 Erica


Innate Abilities, Weirdness & Mutations

((You are very nimble when in or above water. (Stealth+, EV+, Speed+++)))
Your lower body shifts to a powerful aquatic tail in water.


Message History

Erica hits you with a +2 scimitar of flaming!
Erica burns you.
You feel very sick.
Okay, then.
You are too confused!
You hit Erica but do no damage.
Erica is heavily wounded.
You feel sick.
You bump into the rock wall.
You feel less confused.
You feel very sick.
Erica hits you with a +2 scimitar of flaming.
* * * LOW HITPOINT WARNING * * *
Erica burns you.
* * * LOW HITPOINT WARNING * * *
You hit Erica but do no damage.
Erica is heavily wounded.
You feel sick.
It was a potion of cancellation.
You feel magically purged.
You feel sick. Erica barely misses you.
It was a potion of experience.
You feel more experienced!
Your Fighting skill increases to level 8!
Your Short Blades skill gained 2 levels and is now at level 13!
Your Throwing skill gained 2 levels and is now at level 5!
Your Dodging skill increases to level 10!
Your Stealth skill increases to level 8!
Your Shields skill gained 2 levels and is now at level 4!
Your Evocations skill gained 3 levels and is now at level 3!
You have reached level 11!
You feel sick.
Erica hits you with a +2 scimitar of flaming.
* * * LOW HITPOINT WARNING * * *
Erica burns you.
* * * LOW HITPOINT WARNING * * *
It was a potion of brilliance.
You feel clever all of a sudden.
You feel sick.
Erica hits you with a +2 scimitar of flaming!
You die...

.....#....).##...((..#######.....
######..#)#.............,**#.....
...!!#..#.#.............,*#.....#
..!.)####.#..#..........,*#......
..∩.@'....#..#..........,,.......
....)####.#[.#..#.......,,.......
!...!#,*#.#..##.##.#....,,.......
######,##.##.##<##.#..##,,.......
,,,,,..#..##.(.@@.....#*,*,......
,,,,,.(((.(...#)......#*,,,,****,
,,,,*,###.#............#**,,,,**,
,,,,,,* #....##......#.##*,**,**,
*****,**#.##.....#.#.#..##,**,**,
*,,...*#.....#........,**,**,
**###,*#.##..#......#****,***
#.##.##.......#.##* *,*
#.................* *,*


You could see Erica (very poisoned).

Vanquished Creatures
  A two-headed ogre (Bailey)
  Pikel (D:7)
  Maurice (D:7)
  Prince Ribbit (D:6)
  4 spriggans (Bailey)
  A steam dragon (Bailey)
  Menkaure (D:7)
  Edmund (D:6)
  2 orc warriors
  An ice beast (D:5)
  A black bear (D:6)
  7 ogres
  A phantom (D:6)
  3 lemures (D:6)
  2 kobold brigands
  4 bullfrogs
  2 gnoll sergeants (D:7)
  2 necrophages (D:7)
  2 scorpions
  3 wights
  2 howler monkeys
  3 hounds
  3 orc priests
  A gnoll bouda (D:6)
  5 iguanas
  9 orc wizards
  15 gnolls
  9 adders
  3 white imps
  5 worms
  2 dart slugs (D:1)
  20 orcs
  13 ball pythons
  8 endoplasms
  A giant cockroach (D:4)
  17 goblins
  6 hobgoblins
  9 jackals
  3 quokkas
  4 bats
  17 kobolds
  7 rats
203 creatures vanquished.

Vanquished Creatures (collateral kills)
  An orc (D:8)
1 creature vanquished.

Vanquished Creatures (others)
  An ice beast (D:8)
  2 orcs (D:6)
  A bush (D:7)
4 creatures vanquished.

Grand Total: 208 creatures vanquished

Notes
Turn   | Place    | Note
-------+----------+-------------------------------------------
     0 | D:1      | cheesebisquit the Merfolk Gladiator began the quest for the
                  | Orb.
     0 | D:1      | Reached XP level 1. HP: 16/16 MP: 1/1
   148 | D:1      | Reached XP level 2. HP: 23/23 MP: 2/2
   321 | D:1      | Reached skill level 4 in Short Blades
   386 | D:1      | Found a faded altar of an unknown god.
   500 | D:1      | Reached skill level 1 in Stealth
   500 | D:1      | Reached XP level 3. HP: 22/26 MP: 3/3
  1425 | D:2      | Reached XP level 4. HP: 34/34 MP: 4/4
  3399 | D:3      | Reached XP level 5. HP: 41/41 MP: 5/5
  3738 | D:3      | Reached skill level 5 in Short Blades
  3757 | D:4      | Noticed an orc warrior
  3971 | D:4      | Killed an orc warrior
  3972 | D:4      | Reached skill level 5 in Dodging
  3972 | D:4      | Reached XP level 6. HP: 47/47 MP: 6/6
  4733 | D:4      | Found a staircase to the Ecumenical Temple.
  4744 | Temple   | Entered the Ecumenical Temple
  5071 | Temple   | Became a worshipper of Dithmenos the Shadowed
  5286 | D:5      | Entered Level 5 of the Dungeon
  5298 | D:5      | Reached skill level 6 in Short Blades
  5545 | D:5      | Noticed an ice beast
  5560 | D:5      | Killed an ice beast
  5561 | D:5      | Reached XP level 7. HP: 31/54 MP: 7/7
  6125 | D:5      | Reached skill level 7 in Short Blades
  6490 | D:5      | Reached XP level 8. HP: 61/61 MP: 8/8
  7253 | D:6      | Noticed Edmund
  7414 | D:6      | Reached skill level 5 in Fighting
  7421 | D:6      | Reached skill level 8 in Short Blades
  7816 | D:6      | Reached skill level 5 in Stealth
  8185 | D:6      | Reached * piety under Dithmenos
  8805 | D:6      | Found a sparkling altar of Nemelex Xobeh.
  8873 | D:6      | Killed Edmund
  8911 | D:6      | Reached skill level 9 in Short Blades
  9554 | D:7      | Noticed Pikel
  9790 | D:7      | Noticed Menkaure
  9806 | D:7      | Killed Menkaure
  9807 | D:7      | Reached XP level 9. HP: 36/69 MP: 9/9
  9992 | D:7      | Identified the ring "Feto" {Will- Int+3 SInv}
 10005 | D:7      | Noticed Prince Ribbit
 10154 | D:7      | Found Radghad's Assorted Antiques.
 10231 | D:7      | Bought a scroll labelled FIOKLEACUEH for 33 gold pieces
 10231 | D:7      | Bought a scroll of teleportation for 99 gold pieces
 10231 | D:7      | Bought a glowing leather armour for 165 gold pieces
 10231 | D:7      | Bought a clear potion for 29 gold pieces
 10299 | D:6      | Killed Prince Ribbit
 10418 | D:7      | Killed Pikel
 10419 | D:7      | Reached skill level 10 in Short Blades
 10799 | D:7      | Bought a scroll labelled OBUFUAGGUNORR for 33 gold pieces
 11830 | D:8      | Found a flagged portal.
 11868 | Bailey   | Entered a bailey
 11890 | Bailey   | Reached ** piety under Dithmenos
 11964 | Bailey   | Noticed a two-headed ogre
 11985 | Bailey   | Reached XP level 10. HP: 79/79 MP: 10/10
 12013 | Bailey   | Reached skill level 1 in Shields
 12041 | Bailey   | Reached skill level 11 in Short Blades
 12234 | Bailey   | Killed a two-headed ogre
 12716 | D:8      | Noticed Erica
 13101 | D:8      | Noticed Maurice
 13412 | D:7      | Killed Maurice
 13566 | D:8      | Reached skill level 13 in Short Blades
 13566 | D:8      | Reached skill level 5 in Throwing
 13566 | D:8      | Reached skill level 10 in Dodging
 13566 | D:8      | Reached XP level 11. HP: 11/87 MP: 11/11
 13567 | D:8      | Slain by Erica

Illustrated notes

Levels and vault maps discovered:
D:1:      lightli_arrival_quake, layout_basic,
          ebering_ecumenical_altar_petrified, bh_walls_and_bars
D:2:      cheibrodos_greedy_goblins, layout_basic,
          minmay_misc_feat_more_columns, minivault_19, st_stairs_12,
          hangedman_feature_mirror, corexii_shack
D:3:      minmay_skewed_foursquare, layout_basic
D:4:      layout_rooms, temple_hall
D:5:      layout_basic
D:6:      layout_layer_cave, nemelex_spade_bored_becter, st_stairs_12,
          uniq_edmund
D:7:      layout_cave_pools, minmay_hedge_maze, minmay_shop_grid_forest,
          uniq_menkaure, uniq_pikel, uniq_prince_ribbit1
D:8:      layout_basic, gammafunk_temple_overflow_elements, enter_bailey_7,
          uniq_erica, uniq_maurice
Temple:   compressed_dpeg_triangle_lava_temple

Skill      XL: |  1  2  3  4  5  6  7  8  9 10 |
---------------+-------------------------------+-----
Short Blades   | 4 5 6 7 9 10 13 | 13.1
Stealth        | 1 2 3 4 5 7 8 |  8.7
Fighting       | 3 4 5 7 8 |  8.4
Dodging        | 5 6 7 8 10 | 10.5
Shields        | 4 |  4.2
Throwing       | 5 |  5.1
Evocations     | 3 |  3.1

Action                   |  1- 3 |  4- 6 |  7- 9 | 10-12 || total
-------------------------+-------+-------+-------+-------++-------
Melee: Rapier            |    72 |       |       |       ||    72
       Punch             |     1 |     4 |    10 |       ||    15
       Short sword       |    32 |   277 |   487 |   244 ||  1040
       Tailslap          |       |       |       |    13 ||    13
Throw: Javelin           |     1 |       |       |       ||     1
       Throwing net      |     3 |     3 |     1 |       ||     7
       Dart              |       |     8 |    58 |    25 ||    91
       Stone             |       |       |     8 |    22 ||    30
       Boomerang         |       |       |    49 |       ||    49
Invok: Shadow Step       |       |       |       |     1 ||     1
 Abil: Evoke Invisibilit |     1 |       |     1 |       ||     2
Evoke: Wand              |       |     6 |    26 |     6 ||    38
  Use: Scroll            |       |     5 |     6 |     4 ||    15
       Potion            |       |     1 |     8 |     7 ||    16
 Stab: Held in net/web   |     1 |       |       |       ||     1
       Sleeping          |       |     7 |     5 |       ||    12
       Distracted        |       |     1 |       |       ||     1
Armor: Leather armour    |    22 |    16 |    26 |     7 ||    71
Dodge: Dodged            |    77 |   119 |   281 |   102 ||   579
Block: Buckler           |       |       |    12 |    30 ||    42
